 Dungeon Crawl Stone Soup version 0.18-b1-22-ge198996 (webtiles) character file.

2717 Jorlmund the Basher (level 9, -2/69 HPs)
             Began as a Demonspawn Berserker on May 3, 2016.
             Was a High Priest of Trog.
             Killed from afar by an orc sorcerer (35 damage)
             ... with a bolt of fire
             ... in a bailey.
             The game lasted 00:20:07 (7857 turns).

Jorlmund the Basher (Demonspawn Berserker)          Turns: 7857, Time: 00:20:07

Health: -2/69      AC: 21    Str: 21    XL:     9   Next: 39%
Magic:  18/18      EV:  7    Int:  9    God:    Trog [*****.]
Gold:   275        SH:  0    Dex: 12    Spells: 0 memorised, 8 levels left

rFire  . . .     SeeInvis .     u - +0 flail
rCold  . . .     Gourm    .     j - +0 plate armour
rNeg   . . .     Faith    .     (no shield)
rPois  +         Spirit   .     I - +1 helmet
rElec  .         Dismiss  .     O - +1 cloak
rCorr  .         Reflect  .     L - +0 pair of gloves
SustAt .         Harm     .     k - +0 pair of boots
MR     .....                    l - amulet of regeneration
Stlth  ..........               n - ring of magical power
                                g - ring of poison resistance

@: drained, not resistant to hostile enchantments, extremely unstealthy
A: hooves 1, icy blue scales 1, powered by pain 1
a: Berserk, Trog's Hand, Brothers in Arms, Burn Spellbooks, Renounce Religion


You were in a bailey.
You worshipped Trog.
Trog was extremely pleased with you.
You were hungry.

You visited 1 branch of the dungeon, and saw 7 of its levels.
You also visited: Sewer and Bailey.

You collected 383 gold pieces.
You spent 108 gold pieces at shops.

Inventory:

Hand Weapons
 a - a +0 mace
 u - a +0 flail (weapon)
 M - a +3 long sword of protection
 R - a +0 shortbow
Missiles
 o - 95 arrows
 y - 65 poisoned needles
 J - 20 tomahawks of returning (quivered)
Armour
 b - a +0 animal skin
 d - a +0 cloak
 e - a +0 leather armour
 j - a +0 plate armour (worn)
 k - a +0 pair of boots (worn)
 I - a +1 helmet (worn)
 L - a +0 pair of gloves (worn)
 O - a +1 cloak (worn)
Jewellery
 g - a ring of poison resistance (left hand)
 l - an amulet of regeneration (around neck)
 n - a ring of magical power (right hand)
 z - an uncursed amulet of guardian spirit {unknown}
 G - a +3 ring of protection {unknown}
Wands
 K - a wand of disintegration (14/24)
Scrolls
 m - 8 scrolls of identify {unknown}
 p - 3 scrolls of enchant armour {unknown}
 r - 3 scrolls of recharging {unknown}
 A - a scroll of enchant weapon {unknown}
 D - 4 scrolls of teleportation {unknown}
 F - a scroll of fear {unknown}
 H - a scroll of amnesia {unknown}
 N - a scroll of magic mapping {unknown}
 Q - a scroll of remove curse {unknown}
Potions
 f - 2 potions of invisibility {unknown}
 h - 5 potions of curing {unknown}
 i - 3 potions of magic {unknown}
 q - 3 potions of flight {unknown}
 t - a potion of cure mutation {unknown}
 w - a potion of brilliance {unknown}
 x - 2 potions of haste {unknown}
 C - a potion of degeneration {unknown}
 E - a potion of ambrosia {unknown}
 P - a potion of heal wounds {unknown}
Comestibles
 c - 6 bread rations
 s - 5 slices of pizza
 v - 2 meat rations
 B - 3 fruits
 S - 4 chunks of flesh


   Skills:
 + Level 6.1(5.4) Fighting
 * Level 8.6(7.9) Maces & Flails
 * Level 7.2(6.5) Armour
 - Level 1.7(1.1) Dodging


You had 8 spell levels left.
You didn't know any spells.

Dungeon Overview and Level Annotations

Branches:
Dungeon (7/15)
 Temple: D:4-7

Altars:
Elyvilon
Kikubaaqudgha
Qazlal
Sif Muna
Trog
Yredelemnul
The Shining One

Shops:
D:5 [   D:6 *


Innate Abilities, Weirdness & Mutations

You have large cloven feet.
You are partially covered in icy blue scales (AC +1).
You sometimes gain a little power by taking damage.


Message History

The hobgoblin is drained!
The hobgoblin dies!
The bolt of negative energy hits you!
You feel drained. What do you say? t - Shout!
Orders for allies: a - Attack new target. r - Retreat! s - Stop attacking. w - Wait here. f - Follow me.
Anything else - Stay silent.
Gang up on whom?
Press: ? - help, Dir - move target cursor, f - orc sorcerer
Aim: an orc sorcerer, wielding a broad axe and wearing a scale mail Attack!
The soul eater barely misses you.
Your deep troll bites the soul eater but does no damage.
Your deep troll closely misses the soul eater.
Your deep troll claws the soul eater!!
The orc sorcerer points at you and mumbles some strange words.
The bolt of fire hits you!
Ouch! That really hurt!
You die...

#+####### #..§.§..#
#≈≈≈≈≈# +.8.8.8.# #≈≈≈≈≈#
#...o...######≈≈≈≈≈#
#....#)T....#.≈≈≈≈≈≈#
))#....#@3....#.≈≈≈≈≈.###
..#.og.#####''#.≈≈≈≈≈....
..#.o.. #.....#.≈≈≈≈≈....
# #...o #.....'..).......
#gK.. #..⌠..'..).......
#.... #.....'..).......
#.....#.≈≈≈≈≈....
####++#.≈≈≈≈≈....
#.≈≈≈≈≈.###


You could see a soul eater, an orc sorcerer and a friendly deep troll (berserk).

Vanquished Creatures
  An orc warrior (Bailey)
  An ice beast (D:5)
  2 sky beasts (D:7)
  4 ogres
  A centaur (D:7)
  8 big kobolds (Sewer)
  A giant frog (D:6)
  3 scorpions
  A water moccasin skeleton (D:7)
  An electric eel (Bailey)
  A howler monkey (D:4)
  A crimson imp (D:5)
  A hound (D:4)
  A jelly (D:6)
  2 orc priests
  An orc wizard (D:3)
  Jessica (D:2)
  4 iguanas
  5 worker ants
  A hound zombie (D:5)
  2 hound skeletons
  2 worker ant zombies
  14 gnolls
  8 adders
  2 river rats (Sewer)
  5 oozes (Sewer)
  An adder skeleton (D:4)
  3 worms (Sewer)
  3 dart slugs
  9 giant geckos
  17 orcs
  6 giant cockroaches
  14 goblins
  8 hobgoblins
  11 jackals
  10 kobolds
  5 quokkas
  2 ball pythons (Sewer)
  A ball python zombie (D:5)
  5 bats
  4 giant newts
  14 rats
187 creatures vanquished.

Vanquished Creatures (collateral kills)
  A kobold demonologist (Bailey)
  An orc warrior (Bailey)
2 creatures vanquished.

Vanquished Creatures (others)
  A hobgoblin (Bailey)
1 creature vanquished.

Grand Total: 190 creatures vanquished

Notes
Turn   | Place    | Note
--------------------------------------------------------------
     0 | D:1      | Jorlmund the Demonspawn Berserker began the quest for the Orb.
     0 | D:1      | Reached XP level 1. HP: 18/18 MP: 1/1
   377 | D:1      | Reached skill level 3 in Maces & Flails
   377 | D:1      | Gained mutation: You have large cloven feet. [demonic ancestry]
   377 | D:1      | Reached XP level 2. HP: 24/24 MP: 2/2
  1280 | D:2      | Reached XP level 3. HP: 28/29 MP: 3/3
  1439 | D:2      | Found a deep blue altar of Sif Muna.
  1514 | D:2      | Noticed Jessica
  1525 | D:2      | Killed Jessica
  1526 | D:2      | Reached ** piety under Trog
  1646 | D:2      | Reached XP level 4. HP: 35/35 MP: 4/4
  2214 | D:2      | Reached skill level 4 in Maces & Flails
  2435 | D:3      | Reached XP level 5. HP: 27/41 MP: 5/5
  2526 | D:3      | Reached *** piety under Trog
  2602 | D:3      | Found a glowing drain.
  2754 | Sewer    | Entered a sewer
  2861 | Sewer    | Reached XP level 6. HP: 48/48 MP: 6/6
  3206 | Sewer    | Reached skill level 5 in Maces & Flails
  3379 | Sewer    | Reached **** piety under Trog
  3550 | Sewer    | Gained mutation: You are partially covered in icy blue scales (AC +1). [demonic ancestry]
  3550 | Sewer    | Reached XP level 7. HP: 38/54 MP: 7/7
  3940 | D:3      | Reached skill level 5 in Armour
  4040 | D:3      | Reached skill level 6 in Maces & Flails
  4475 | D:4      | Gained mutation: You sometimes gain a little power by taking damage. [demonic ancestry]
  4475 | D:4      | Reached XP level 8. HP: 59/61 MP: 8/8
  4649 | D:4      | Reached skill level 5 in Fighting
  5097 | D:4      | Found an ancient bone altar of Kikubaaqudgha.
  5489 | D:5      | Entered Level 5 of the Dungeon
  5632 | D:5      | Found a bloodstained altar of Trog.
  5748 | D:5      | Reached skill level 7 in Maces & Flails
  5762 | D:5      | Found a white marble altar of Elyvilon.
  5942 | D:5      | Found Uckowail's Antique Armour Shoppe.
  5953 | D:5      | Bought a pair of gloves for 108 gold pieces
  6330 | D:6      | Found a stormy altar of Qazlal.
  6387 | D:6      | Found Xerit's Assorted Antiques.
  6422 | D:6      | Reached ***** piety under Trog
  6715 | D:6      | Reached XP level 9. HP: 69/69 MP: 9/9
  6778 | D:6      | Found a glowing golden altar of the Shining One.
  7027 | D:6      | Found a basalt altar of Yredelemnul.
  7334 | D:7      | Reached skill level 8 in Maces & Flails
  7554 | D:7      | Found a flagged portal.
  7649 | Bailey   | Entered a bailey
  7679 | Bailey   | Received a gift from Trog
  7841 | Bailey   | Found an iron altar of Okawaru.
  7841 | Bailey   | Noticed a kobold demonologist
  7841 | Bailey   | Noticed an orc sorcerer
  7854 | Bailey   | Noticed a soul eater
  7854 | Bailey   | Killed a kobold demonologist
  7857 | Bailey   | Killed from afar by an orc sorcerer

Skill      XL: |  1  2  3  4  5  6  7  8  9 |
---------------+----------------------------+-----
Armour         | 2 3 4 5 6 7 |  7.2
Maces & Flails | 3 4 5 6 7 8 |  8.6
Fighting       | 4 5 6 |  6.1
Dodging        | |  1.7

Action                   |  1- 3 |  4- 6 |  7- 9 || total
-------------------------+-------+-------+-------++-------
Melee: Mace              |   120 |    57 |       ||   177
       Kick              |     4 |       |       ||     4
       Flail             |       |   204 |   548 ||   752
Invok: Berserk           |     1 |     1 |     4 ||     6
       Brothers in Arms  |       |       |     1 ||     1
  Use: Scroll            |       |     1 |       ||     1
  Eat: Chunk             |     3 |     8 |    19 ||    30
Armor: Leather armour    |    17 |       |       ||    17
       Plate armour      |    43 |   257 |   358 ||   658
Dodge: Dodged            |    56 |   106 |   173 ||   335
